 Dungeon Crawl Stone Soup version 0.28.0-1-gb440e238dd (webtiles) character file.

Game seed: 574997009073205590

100466 egresovca the Destroyer (level 15, -10/105 HPs)
             Began as a Demonspawn Conjurer on Feb 28, 2022.
             Was an Initiate of Gozag.
             Mangled by a saltling (19 damage)
             ... in the Desolation of Salt.
             The game lasted 01:08:02 (29863 turns).

egresovca the Destroyer (Demonspawn Conjurer)      Turns: 29863, Time: 01:08:03

Health: -10/105    AC: 22    Str: 16    XL:     15   Next: 80%
Magic:  14/31      EV: 14    Int: 34    God:    Gozag
Gold:   73         SH:  4    Dex: 11    Spells: 21/38 levels left

rFire   + + .      SeeInvis +   a - +8 hand axe of Soelyar {freeze, Str+3 Int+4}
rCold   . . .      Faith    .   N - +0 buckler
rNeg    . . .      Spirit   .   P - +2 leather armour {rF+}
rPois   +          Reflect  .   (no helmet)
rElec   .          Harm     .   j - +2 cloak {Stlth+}
rCorr   .          Rampage  .   E - +2 pair of gloves {hurl}
Will    ++++.      Clarity  +   (boots unavailable)
Stlth   +++.......              M - amulet of regeneration
HPRegen 1.07/turn               u - ring "Wirphog" {Drain rPois Will+++ Str+2 Int+6}
MPRegen 0.22/turn               Y - ring of see invisible

@: mighty, about to teleport, spiked, gold aura, sanguine armoured, studying
Spellcasting
A: hooves 3, spiny 3, sanguine armour 2, demonic magic 1, clarity, fire
resistance 1, frail 1
a: Renounce Religion, Potion Petition, Call Merchant, Bribe Branch


You were in the Desolation of Salt.
You worshipped Gozag.
Gozag was noncommittal.
You visited 6 branches of the dungeon, and saw 24 of its levels.
You also visited: Sewer, Ossuary, Volcano and Desolation.

You collected 7853 gold pieces.
You spent 1860 gold pieces at shops.
You paid 5920 gold pieces to Gozag.

Inventory:

Hand Weapons
 a - the +8 hand axe of Soelyar (weapon) {freeze, Str+3 Int+4}
   (You found it on level 3 of the Dungeon)

   It freezes those it strikes, dealing additional cold damage.
   It can also slow down cold-blooded creatures.
   Str:       It affects your strength (+3).
   Int:       It affects your intelligence (+4).
 b - the +8 hunting sling of Ancient Evil {speed, rC+ rCorr Int+2 Dex+3}
   (You found it on level 12 of the Dungeon)

   Attacks with this weapon are significantly faster.
   Int:       It affects your intelligence (+2).
   Dex:       It affects your dexterity (+3).
   rC:        It protects you from cold.
   rCorr:     It protects you from acid and corrosion.
Missiles
 h - 72 sling bullets
 w - a throwing net
Armour
 j - a +2 cloak of stealth (worn)
 E - a +2 pair of gloves of hurling (worn)
 J - a +2 tower shield of protection
 N - a +0 buckler (worn)
 P - a +2 leather armour of fire resistance (worn)
 S - the +0 pair of gloves of the Endless Expanse {*Corrode Dex+7}
   (You found it on level 5 of the Lair of Beasts)

   Dex:       It affects your dexterity (+7).
   *Corrode:  It may corrode you when you take damage.
 Z - a +0 helmet
Magical Staves
 K - a staff of cold
 W - a staff of death
Jewellery
 u - the ring "Wirphog" (left hand) {Drain rPois Will+++ Str+2 Int+6}
   (You bought it in a shop on level 2 of the Orcish Mines)

   [ring of intelligence]

   Str:       It affects your strength (+2).
   Int:       It affects your intelligence (+6).
   rPois:     It protects you from poison.
   Drain:     It drains your maximum health when unequipped.
   Will:      It greatly increases your willpower.
 v - a +4 ring of evasion
 x - the ring of Juacit {+Blink rElec rF- Will+ rCorr}
   (You found it on level 5 of the Lair of Beasts)

   [ring of resist corrosion]

   rF:        It makes you vulnerable to fire.
   rElec:     It insulates you from electricity.
   +Blink:    It lets you blink.
   rCorr:     It protects you from acid and corrosion.
   Will:      It increases your willpower.
 A - a +6 ring of strength
 B - a ring of protection from cold
 D - a ring of positive energy
 M - an amulet of regeneration (around neck)
 U - a ring of wizardry
 V - a +4 ring of evasion
 Y - a ring of see invisible (right hand)
Wands
 k - a wand of mindburst (17)
 s - a wand of digging (11)
 t - a wand of iceblast (32)
 Q - a wand of acid (2)
Scrolls
 c - 2 scrolls of enchant armour
 d - 3 scrolls of magic mapping
 p - 8 scrolls of teleportation
 q - a scroll of brand weapon {unknown}
 r - 8 scrolls of identify
 I - 3 scrolls of fog
Potions
 e - 3 potions of attraction
 f - 2 potions of lignification
 g - a potion of flight
 i - 3 potions of might
 l - 3 potions of cancellation
 m - 6 potions of haste
 n - 2 potions of mutation
 o - 7 potions of curing
 C - 2 potions of brilliance
 F - 2 potions of ambrosia
 G - 2 potions of magic
 H - 2 potions of resistance
 O - 2 potions of invisibility


   Skills:
 - Level 10.8 Fighting
 - Level 7.1 Axes
 - Level 6.4 Slings
 - Level 9.4 Armour
 - Level 9.4 Dodging
 - Level 4.2 Stealth
 - Level 4.0 Shields
 - Level 12.4 Spellcasting
 - Level 12.9 Conjurations
 - Level 10.7 Hexes
 * Level 4.3 Air Magic


You had 21 spell levels left.
You knew the following spells:

 Your Spells              Type           Power      Damage    Failure   Level
a - Magic Dart            Conj           100%       1d8       0%          1
b - Searing Ray           Conj           100%       2d8       1%          2
c - Fulminant Prism       Conj/Hex       39%        3d18      1%          4
e - Iskenderun's Battles  Conj           83%        2d13      1%          5
g - Freezing Cloud        Conj/Ice/Air   28%        6-21      9%          5

Your spell library contained the following spells:

 Spells                   Type           Power      Damage    Failure   Level
 Ensorcelled Hibernation  Hex/Ice        100%       N/A       1%          2
 Poisonous Vapours        Pois/Air       70%        N/A       1%          2
 Conjure Flame            Conj/Fire      60%        6-21      1%          3
 Dazzling Flash           Conj/Hex       100%       N/A       1%          3
 Inner Flame              Hex/Fire       55%        N/A       1%          3
 Cause Fear               Hex            38%        N/A       1%          4
 Iskenderun's Mystic Bla  Conj/Tloc      60%        2d13      2%          4
 Sticky Flame             Conj/Fire      60%        2d8       2%          4
 Sting                    Tmut/Pois      84%        1d7       3%          1
 Anguish                  Hex/Necr       27%        N/A       3%          4
 Sublimation of Blood     Necr           21%        N/A       4%          2
 Irradiate                Conj/Tmut      30%        3d23      6%          5
 Frozen Ramparts          Ice            42%        1d6       10%         3
 Gell's Gravitas          Tloc           21%        N/A       10%         3
 Ignite Poison            Fire/Tmut/Pois 21%        N/A       10%         3
 Lesser Beckoning         Tloc           21%        N/A       10%         3
 Spider Form              Tmut/Pois      21%        N/A       10%         3
 Teleport Other           Tloc           21%        N/A       10%         3
 Ice Form                 Ice/Tmut       21%        N/A       30%         4
 Olgreb's Toxic Radiance  Pois           21%        N/A       30%         4
 Petrify                  Tmut/Erth      21%        N/A       30%         4
 Summon Ice Beast         Ice/Summ       21%        N/A       30%         4
 Iron Shot                Conj/Erth      30%        9d6       34%         6
 Spellforged Servitor     Conj/Summ      30%        N/A       88%         7
 Discord                  Hex            38%        N/A       94%         8
 Dispersal                Tloc           10%        N/A       99%         6
 Simulacrum               Ice/Necr       10%        N/A       99%         6
 Polar Vortex             Ice            10%        N/A       100%        9


Dungeon Overview and Level Annotations

Branches:
Dungeon (12/15)            Temple (1/1) D:4            Lair (6/6) D:9
 Shoals (0/4) Lair:3        Snake (1/4) Lair:4        Slime (0/5) Lair:5
    Orc (2/2) D:12            Elf (2/3) Orc:2         Sewer (visited)
Ossuary (visited)         Volcano (visited)         Desolation (1/1)

Altars:
Ashenzari
Cheibriados
Dithmenos
Elyvilon
Fedhas
Gozag
Hepliaklqana
Kikubaaqudgha
Makhleb
Nemelex Xobeh
Okawaru
Qazlal
Ru
Sif Muna
Trog
Uskayaw
Vehumet
Wu Jian
Xom
Yredelemnul
Zin
The Shining One
Beogh
Jiyva
Lugonu

Shops:
D:10 [   D:12 :[   Orc:2 (*=*   Elf:1 ?

Annotations:
D:4 2 transporters, issech's ghost, novice TrMo
D:10 exclusion: 2 downstairs
D:11 2 transporters, exclusion: downstairs, smarlow's ghost, journeyman OgFE
D:12 1 runed translucent door, hikkokomori's ghost, journeyman GrEE


Innate Abilities, Weirdness & Mutations

You have hooves in place of feet.
You are completely covered in sharp spines.
When seriously injured, your blood forms thick armour. (AC +9)
Spells you cast may paralyse adjacent enemies.
You possess an exceptional clarity of mind.
Your flesh is heat resistant. (rF+)
You are frail. (-10% HP)


Message History

The saltling is almost destroyed.
You hit the saltling. You freeze the saltling.
You hit the saltling but do no damage.
The ragged hierophant gestures at you while chanting.
A blast of power from the earth and the saltlings strikes you!
* * * LOW HITPOINT WARNING * * *
The peacekeeper roars a battlecry!
The saltlings go into a battle-frenzy!
The saltling hits you but does no damage.
The saltling closely misses you. x2
Unknown command.
The saltling hits you but does no damage.
The saltling barely misses you. The saltling is struck by your spines.
The saltling hits you.
* * * LOW HITPOINT WARNING * * *
A servant of whispers comes into view. It is wielding a +0 quarterstaff.
As you read the scroll of teleportation, it crumbles to dust.
You feel strangely unstable. The saltling hits you.
* * * LOW HITPOINT WARNING * * *
The saltling barely misses you. The saltling is struck by your spines.
The saltling hits you!!
* * * LOW HITPOINT WARNING * * *
The servant of whispers mumbles some strange prayers to its god.
The air becomes perfectly still.
A saltling comes into view.
Unknown command.
You feel much better.
The servant of whispers shouts!
The imperial myrmidon is distracted by your dazzling golden aura.
The peacekeeper hurls a volley of spikes at you.
The volley of spikes hits you!
The barbed spikes become lodged in your body.
* * * LOW HITPOINT WARNING * * *
The saltling hits you!!
* * * LOW HITPOINT WARNING * * *
The saltling closely misses you.
The saltling is distracted by your dazzling golden aura.
The saltling hits you!!
You die...
Your body crumbles into a pile of gold.

$(....(..... ......$9#####
.....$.....................9#####
.$........#.................#####
.........................$..#####
............................#####
.....a....a...............9.#####
...........a.a.9............#####
.....9........a99.......
..#...9.9..$..99@.......
.$..........a..99.......
............9......#....
....................#...
...................... .
.....#.................
.....#..................
........................
...............


You could see 2 ragged hierophants, 2 servants of whispers, an imperial myrmidon
(unaware), a peacekeeper and 7 saltlings.

Vanquished Creatures
  A deep elf sorcerer (Elf:2)
  The ghost of Ekaitz the Arsonist, a journeyman DsFE of Sif Muna (Lair:2)
  A stone giant (Volcano)
  A halazid warlock (Desolation)
  2 ragged hierophants (Desolation)
  A peacekeeper (Desolation)
  A boulder beetle (D:11)
  A catoblepas (Lair:2)
  6 hydras
  4 ogre magi (Orc:2)
  19 two-headed ogres
  A merfolk avatar (Lair:6)
  2 orc high priests
  A shock serpent (Lair:4)
  Nergalle (Lair:3)
  2 deep elf knights
  2 sea snakes (Lair:6)
  A deep elf archer (Elf:2)
  2 harpies (Lair:6)
  Pikel (D:4)
  6 deep elf pyromancers
  6 orc knights
  7 deep elf zephyrmancers (Elf:1)
  An orc sorcerer (Orc:1)
  2 cyclopes (D:12)
  3 elephants (Lair:5)
  3 black mambas
  2 guardian serpents (Desolation)
  A merfolk siren (Lair:3)
  18 cane toads
  3 gargoyles
  An unseen horror (D:12)
  13 komodo dragons
  2 efreet
  A freezing wraith (D:11)
  3 rime drakes (Lair:6)
  2 kobold demonologists (D:11)
  A tengu conjurer (D:12)
  5 trolls
  7 polar bears
  A meliai (shapeshifter) (Elf:1)
  A wind drake (Lair:6)
  6 hornets
  17 saltlings (Desolation)
  26 blink frogs
  A slime creature (D:12)
  5 air elementals (Elf:1)
  A culicivora (shapeshifter) (D:10)
  A shadow (D:12)
  73 yaks
  A water elemental (Elf:1)
  3 wraiths
  4 wyverns
  Grum (D:9)
  2 basilisks
  A fire elemental (Volcano)
  5 fire bats (Volcano)
  3 steam dragons
  Menkaure (D:4)
  6 vampire mosquitoes (D:12)
  3 wargs
  4 acid dragons (D:11)
  A naga (Snake:1)
  4 swamp worms (Lair:5)
  19 water moccasins
  2 floating eyes (Orc:1)
  2 sky beasts
  13 orc warriors
  3 black bears (D:9)
  A hornet zombie (D:7)
  25 ogres
  9 wolves
  4 centaurs
  2 phantoms
  2 lemures (D:4)
  4 kobold brigands
  3 earth elementals
  12 bullfrogs
  2 gnoll sergeants
  A scorpion (D:5)
  21 killer bees
  11 wights
  4 howler monkeys
  2 electric eels
  7 centaur zombies
  6 lava snakes (Volcano)
  A bullfrog zombie (D:6)
  10 orc priests
  A bullfrog skeleton (D:7)
  4 gnoll shamans
  6 hounds
  3 iguanas
  Ijyb (D:5)
  20 orc wizards
  11 hell rats (Lair:1)
  A hound skeleton (D:5)
  A mummy (D:8)
  26 gnolls
  6 adders
  A river rat (D:6)
  A shadow imp (D:5)
  2 ufetubi
  An adder zombie (Ossuary)
  2 adder skeletons
  A worm (D:1)
  52 orcs
  6 ball pythons
  4 endoplasms
  13 giant cockroaches
  10 goblins
  3 hobgoblins
  10 kobolds
  9 quokkas
  4 bats
  7 frilled lizards
  2 hobgoblin skeletons (Ossuary)
  2 hobgoblin zombies (Ossuary)
  2 kobold zombies (Ossuary)
  An orc skeleton (Ossuary)
  8 rats
  11 briar patches (Lair:5)
  2 fulminant prisms
709 creatures vanquished.

Vanquished Creatures (collateral kills)
  Louise (Elf:1)
  A deep elf elementalist (Elf:1)
  A dancing weapon (Elf:1)
  A deep elf knight (Elf:1)
  A death drake (shapeshifter) (Elf:1)
  2 deep elf archers (Elf:1)
  2 deep elf pyromancers (Elf:1)
  3 deep elf zephyrmancers
12 creatures vanquished.

Vanquished Creatures (others)
  A deep elf annihilator (Elf:2)
  3 dancing weapons
  3 deep elf knights
  5 orc knights (Elf:2)
  A deep elf archer (Elf:1)
  A deep elf pyromancer (Elf:1)
  2 deep elf zephyrmancers (Elf:1)
  187 fulminant prisms
  42 fungi
  71 plants
316 creatures vanquished.

Grand Total: 1037 creatures vanquished

Notes
Turn   | Place    | Note
-------+----------+-------------------------------------------
     0 | D:1      | egresovca the Demonspawn Conjurer began the quest for the
                  | Orb.
     0 | D:1      | Reached XP level 1. HP: 13/13 MP: 3/3
   610 | D:1      | Gained mutation: Spells you cast may paralyse adjacent
                  | enemies. [demonic ancestry]
   610 | D:1      | Reached XP level 2. HP: 19/19 MP: 1/5
  1279 | D:1      | Learned a level 2 spell: Searing Ray
  1599 | D:1      | Gained mutation: You are partially covered in sharp spines.
                  | [demonic ancestry]
  1599 | D:1      | Reached XP level 3. HP: 24/24 MP: 0/7
  2055 | D:2      | Found a faded altar of an unknown god.
  2589 | D:3      | Gained mutation: When seriously injured, your blood forms
                  | armour. (AC +9) [demonic ancestry]
  2589 | D:3      | Reached XP level 4. HP: 30/30 MP: 2/8
  2925 | D:3      | Reached skill level 5 in Conjurations
  3005 | D:3      | Identified the +8 hand axe of Soelyar {freeze, Str+3 Int+4}
  3231 | D:4      | Gained mutation: You are mostly covered in sharp spines.
                  | [demonic ancestry]
  3231 | D:4      | Reached XP level 5. HP: 29/35 MP: 2/10
  3606 | D:4      | Found a staircase to the Ecumenical Temple.
  3614 | Temple   | Entered the Ecumenical Temple
  3840 | Temple   | Became a worshipper of Gozag Ym Sagoz the Greedy
  3895 | D:4      | Noticed a lemure
  3896 | D:4      | Noticed a lemure
  3897 | D:4      | Noticed a lemure
  3897 | D:4      | Noticed a lemure
  3898 | D:4      | Noticed Pikel
  3903 | D:4      | Killed a lemure
  3936 | D:4      | Killed a lemure
  3937 | D:4      | Killed Pikel
  3938 | D:4      | Reached skill level 5 in Spellcasting
  3938 | D:4      | Gained mutation: You have large cloven feet. [demonic
                  | ancestry]
  3938 | D:4      | Reached XP level 6. HP: 36/41 MP: 3/14
  3938 | D:4      | Reached XP level 7. HP: 41/46 MP: 3/15
  4031 | D:4      | Noticed Menkaure
  4040 | D:4      | Killed Menkaure
  4110 | D:4      | Found a large runed translucent door.
  4111 | D:4      | Found a large runed translucent door.
  4259 | D:4      | Learned a level 4 spell: Fulminant Prism
  4408 | D:4      | Found a transporter.
  4411 | D:4      | Noticed issech's ghost (novice TrMo)
  4412 | D:4      | Found a transporter.
  4640 | D:4      | Gained mutation: You have hoof-like feet. [demonic
                  | ancestry]
  4640 | D:4      | Reached XP level 8. HP: 50/52 MP: 12/17
  4673 | D:4      | Found a broken altar of Ashenzari.
  4676 | D:4      | Found a hazy altar of Hepliaklqana.
  4704 | D:5      | Entered Level 5 of the Dungeon
  4704 | D:5      | Noticed Ijyb
  4709 | D:5      | Killed Ijyb
  4753 | D:4      | Reached skill level 1 in Fighting
  4753 | D:4      | Reached skill level 1 in Hexes
  5019 | D:5      | Reached skill level 1 in Axes
  5021 | D:5      | Reached skill level 1 in Armour
  5087 | D:5      | Learned a level 5 spell: Iskenderun's Battlesphere
  5320 | D:5      | Found an iron altar of Okawaru.
  5968 | D:6      | Reached XP level 9. HP: 64/64 MP: 4/18
  6085 | D:6      | Found a glowing drain.
  6089 | Sewer    | Entered a sewer
  7745 | D:6      | Identified a scroll of acquirement
  7745 | D:6      | Acquired a +1 cloak of stealth
  8488 | D:7      | Reached skill level 5 in Fighting
  8491 | D:7      | Reached skill level 5 in Hexes
  8869 | D:8      | Gained mutation: You have hooves in place of feet. [demonic
                  | ancestry]
  8869 | D:8      | Reached XP level 10. HP: 66/74 MP: 10/19
  9344 | D:8      | Found a sand-covered staircase.
  9352 | Ossuary  | Entered an ossuary
 10701 | D:9      | Found a staircase to the Lair.
 11218 | D:9      | Reached skill level 5 in Dodging
 11397 | D:9      | Gained mutation: You are completely covered in sharp
                  | spines. [demonic ancestry]
 11397 | D:9      | Reached XP level 11. HP: 81/81 MP: 12/20
 11693 | D:9      | Noticed Grum
 11702 | D:9      | Killed Grum
 11849 | D:9      | Found a bloodstained altar of Trog.
 11990 | D:9      | Found a faded altar of an unknown god.
 11990 | D:9      | Found a basalt altar of Yredelemnul.
 11998 | D:9      | Found a hide-covered altar of Uskayaw.
 12002 | D:9      | Found a faded altar of an unknown god.
 12057 | D:10     | Entered Level 10 of the Dungeon
 12057 | D:10     | Found a shadowy altar of Dithmenos.
 12100 | Lair:1   | Entered Level 1 of the Lair of Beasts
 12563 | Lair:1   | Reached skill level 5 in Armour
 12600 | Lair:1   | Reached skill level 10 in Conjurations
 12601 | Lair:1   | Reached skill level 5 in Axes
 12678 | Lair:1   | Noticed a six-headed hydra
 12773 | Lair:1   | Killed a six-headed hydra
 13009 | Lair:1   | Gained mutation: When seriously injured, your blood forms
                  | thick armour. (AC +9) [demonic ancestry]
 13009 | Lair:1   | Reached XP level 12. HP: 72/91 MP: 23/23
 13616 | Lair:2   | Noticed a catoblepas
 13643 | Lair:2   | Killed a catoblepas
 13811 | D:10     | Noticed a two-headed ogre
 13811 | D:10     | Found an iron altar of Okawaru.
 13815 | D:10     | Killed a two-headed ogre
 14026 | Lair:2   | Reached skill level 1 in Shields
 14038 | Lair:2   | Found a dark tunnel.
 14047 | Volcano  | Entered a volcano
 14242 | Volcano  | Noticed a stone giant
 14280 | Volcano  | Killed a stone giant
 14321 | Volcano  | Found a burning altar of Makhleb.
 14400 | Volcano  | Found a burning altar of Makhleb.
 14507 | Lair:2   | Found a runed translucent door.
 14525 | Lair:2   | Noticed Ekaitz's ghost (journeyman DsFE)
 14559 | Lair:2   | Killed Ekaitz's ghost
 14862 | Lair:2   | Noticed an eight-headed hydra
 14878 | Lair:2   | Killed a ten-headed hydra
 15153 | Lair:2   | You fall into a shaft and drop 2 floors!
 15261 | Lair:4   | Noticed a five-headed hydra
 15285 | Lair:4   | Killed a five-headed hydra
 15862 | Lair:3   | Reached XP level 13. HP: 64/99 MP: 26/26
 15909 | Lair:3   | Noticed Nergalle
 15993 | Lair:3   | Found a staircase to the Shoals.
 16131 | Lair:3   | Killed Nergalle
 16892 | Lair:4   | Found a staircase to the Snake Pit.
 17277 | D:10     | Found Kounec's Armour Boutique.
 17315 | D:10     | Bought a +0 hat for 52 gold pieces
 18893 | D:11     | Found a transporter.
 18895 | D:11     | Noticed smarlow's ghost (journeyman OgFE)
 19327 | D:11     | Found a transporter.
 19387 | D:11     | Reached skill level 10 in Spellcasting
 20789 | D:12     | Found a staircase to the Orcish Mines.
 20794 | D:12     | Found Osaf's Antique Armour Shoppe.
 20799 | D:12     | Bought a helmet for 162 gold pieces
 20799 | D:12     | Bought a pair of glowing gloves for 270 gold pieces
 21088 | D:12     | Identified the +8 hunting sling of Ancient Evil {speed, rC+
                  | rCorr Int+2 Dex+3}
 21120 | D:12     | Gained mutation: You have a pair of small antennae on your
                  | head. [potion of mutation]
 21120 | D:12     | Gained mutation: You have a beak for a mouth. [potion of
                  | mutation]
 21121 | D:12     | Lost mutation: You have a beak for a mouth. [potion of
                  | mutation]
 21121 | D:12     | Lost mutation: You have a pair of small antennae on your
                  | head. [potion of mutation]
 21121 | D:12     | Gained mutation: Your flesh is heat resistant. (rF+)
                  | [potion of mutation]
 21121 | D:12     | Gained mutation: Your body sometimes deteriorates upon
                  | taking damage. [potion of mutation]
 21121 | D:12     | Gained mutation: You have a pair of small horns on your
                  | head. [potion of mutation]
 21158 | D:12     | Found a runed translucent door.
 21159 | D:12     | Found a shimmering altar of Xom.
 21159 | D:12     | Noticed hikkokomori's ghost (journeyman GrEE)
 21766 | Lair:4   | Reached skill level 1 in Slings
 22493 | Orc:1    | Entered Level 1 of the Orcish Mines
 22701 | Orc:2    | Entered Level 2 of the Orcish Mines
 22725 | Orc:2    | Reached XP level 14. HP: 74/108 MP: 15/28
 22991 | Orc:2    | Paralysed by an ogre mage for 7 turns
 23630 | Orc:2    | Found Zycrerph's Jewellery Shop.
 23631 | Orc:2    | Found Qataipp's Antique Weapon Emporium.
 23634 | Orc:2    | Found Besiatha's General Store.
 23634 | Orc:2    | Found Myryocey's General Store.
 23660 | Orc:2    | Found a staircase to the Elven Halls.
 23855 | Orc:2    | Bought the ring "Wirphog" {Drain rPois Will+++ Str+2 Int+6}
                  | for 1272 gold pieces
 24167 | Orc:1    | Paralysed by a floating eye for 3 turns
 24217 | Orc:1    | Reached skill level 10 in Fighting
 25035 | Snake:1  | Entered Level 1 of the Snake Pit
 25201 | Lair:5   | Found a staircase to the Slime Pits.
 25201 | Lair:5   | Found a viscous altar of Jiyva.
 25223 | Lair:5   | Reached skill level 10 in Hexes
 25286 | Lair:5   | Identified the ring of Juacit {+Blink rElec rF- Will+
                  | rCorr}
 25345 | Lair:5   | Reached skill level 5 in Slings
 25346 | Lair:5   | Lost mutation: You have a pair of small horns on your head.
                  | [potion of mutation]
 25346 | Lair:5   | Lost mutation: Your flesh is heat resistant. (rF+) [potion
                  | of mutation]
 25346 | Lair:5   | Lost mutation: Your body sometimes deteriorates upon taking
                  | damage. [potion of mutation]
 25346 | Lair:5   | Gained mutation: You are dopey. (Int -2) [potion of
                  | mutation]
 25346 | Lair:5   | Gained mutation: Your body sometimes deteriorates upon
                  | taking damage. [potion of mutation]
 25346 | Lair:5   | Gained mutation: You possess an exceptional clarity of
                  | mind. [potion of mutation]
 25347 | Lair:5   | Lost mutation: You are dopey. (Int -2) [potion of mutation]
 25347 | Lair:5   | Lost mutation: Your body sometimes deteriorates upon taking
                  | damage. [potion of mutation]
 25347 | Lair:5   | Gained mutation: Your flesh is heat resistant. (rF+)
                  | [potion of mutation]
 25347 | Lair:5   | Gained mutation: You are frail. (-10% HP) [potion of
                  | mutation]
 25491 | Lair:5   | Found a transporter.
 25513 | Lair:5   | Found a transporter.
 26092 | Lair:5   | Identified the +0 pair of gloves of the Endless Expanse
                  | {*Corrode Dex+7}
 26124 | Lair:6   | Entered Level 6 of the Lair of Beasts
 26660 | Lair:6   | Reached XP level 15. HP: 102/103 MP: 15/30
 27689 | Elf:1    | Entered Level 1 of the Elven Halls
 27699 | Elf:1    | Paralysed by an air elemental for 1 turns
 27704 | Elf:1    | Paralysed by an air elemental for 1 turns
 27879 | Elf:1    | Paralysed by an air elemental for 1 turns
 27916 | Elf:1    | Found Sicvito's Magic Scroll Shoppe.
 28330 | Elf:1    | Bought 2 scrolls of identify for 52 gold pieces
 28330 | Elf:1    | Bought a scroll of identify for 26 gold pieces
 28330 | Elf:1    | Bought a scroll of identify for 26 gold pieces
 28809 | Elf:1    | Noticed Louise
 28821 | Elf:1    | Killed Louise
 29280 | Elf:2    | Noticed a deep elf sorcerer
 29288 | Elf:2    | Killed a deep elf sorcerer
 29426 | Elf:2    | Identified the +6 short sword "Samemn" {vorpal, rN+ rCorr}
 29530 | Elf:2    | Found a corrupted altar of Lugonu.
 29565 | Elf:2    | Found a crumbling gateway.
 29574 | Desolati | Entered the Desolation of Salt
 29605 | Desolati | Learned a level 5 spell: Freezing Cloud
 29722 | Desolati | Reached skill level 1 in Air Magic
 29748 | Desolati | Identified the ring of Altruism {AC+4 Str+3}
 29748 | Desolati | Noticed an imperial myrmidon
 29862 | Desolati | HP: 4/105 [saltling (20)]
 29863 | Desolati | Mangled by a saltling

Illustrated notes

Levels and vault maps discovered:
D:1:      dpeg_arrival_central, layout_basic
D:2:      layout_basic, shapermc_ecumenical_altar_totnotflames
D:3:      layout_basic
D:4:      layout_loops_ring, jmf_multi_god_temple2,
          minmay_temple_entry_purple_smoke, gammafunk_ghost_mausoleum,
          eino_small_chamber_without_monster, minmay_vboxes, uniq_pikel,
          uniq_menkaure
D:5:      layout_rooms, mainiacjoe_overflow_tiny_flanked, grunt_ministairs_4,
          uniq_ijyb
D:6:      layout_cave_pools, gup_sewer_entry_spiral
D:7:      layout_layer_cave, serial_glass, glass_columns_a, glass_columns_a
D:8:      layout_rooms, gup_ossuary_entry_pyramid
D:9:      layout_basic, trog_three_pillars_becter,
          chequers_temple_overflow_minitemple, minmay_lair_entry_grove,
          feat_on_display, uniq_grum
D:10:     layout_layer_cave, serial_shops, kennysheep_mini_moat,
          hangedman_feature_mirror
D:11:     layout_loops_ring, gammafunk_ghost_arena, serial_aquarium,
          aquarium_bridge_square [aquarium_subvault_wall,
          aquarium_subvault_wall, aquarium_subvault_bridge,
          aquarium_subvault_bridge], aquarium_bridge_long_joined
          [aquarium_subvault_wall, aquarium_subvault_bridge,
          aquarium_subvault_wall, aquarium_subvault_balcony,
          aquarium_subvault_bridge, aquarium_subvault_wall],
          aquarium_window_corridor_3, aquarium_window_1, aquarium_view_2a,
          aquarium_balcony_5a
D:12:     minmay_blocky_corners, layout_irregular_city, serial_shops,
          nicolae_shop_statue_plus, ebering_ghost_xom
Temple:   regret_index_temple_generic_petals
Lair:1:   layout_misc_corridors, beast_lair_carwin_6, serial_bayou_shore_b,
          serial_bayou_shore_b, grunt_megastairs_1
Lair:2:   layout_regular_city, ebering_ghost_reflecting_pool,
          nicolae_volcano_entry_hallway, grunt_megastairs_2,
          infiniplex_staircase_pool, serial_bayou_shore_b
Lair:3:   layout_loops_ring, minmay_shoals_entry_lonely_mermaid, uniq_nergalle
Lair:4:   layout_cellular_growth, dummy_snake_entry, beast_lair_carwin_8,
          grunt_megastairs_5, serial_bayou_shore_a, lemuel_fruit_tree
Lair:5:   gammafunk_worm_tunnel, layout_gridlike, slime_altar_1,
          serial_bayou_pond_e, beast_lair_carwin_2, infiniplex_staircase_pool_2
Lair:6:   gammafunk_lair_ancient_temple, layout_regular_city
Snake:1:  layout_onion_interference, serial_bayou_pond_b,
          nrook_guardian_serpent_ordinary, uniq_aizul
Orc:1:    hellmonk_paralyzer, layout_caves
Orc:2:    st_orc_ogre_mass, layout_caves, basic_altar
Elf:1:    nicolae_elf_arrival_aired_out, layout_onion_city, serial_shops, shop,
          hangedman_corner_corridor, uniq_louise
Elf:2:    nicolae_elf_blades_crystal_corner, layout_geoelf_diagonals,
          gammafunk_ghost_fury_of_okawaru, portal_desolation_entry_ruin,
          nicolae_elf_theology_debate
Desolation

Skill      XL: |  1  2  3  4  5  6  7  8  9 10 11 12 13 14 15 |
---------------+----------------------------------------------+-----
Spellcasting   | 3 5 6 7 9 10 11 12 | 12.4
Conjurations   | 5 6 7 8 9 10 11 12 | 12.9
Fighting       | 3 5 6 7 8 9 10 | 10.8
Dodging        | 2 3 5 6 7 8 9 |  9.4
Hexes          | 3 5 6 7 8 9 10 | 10.7
Axes           | 2 3 4 5 6 7 |  7.1
Armour         | 2 3 4 5 6 7 8 9 |  9.4
Stealth        | 3 4 |  4.2
Shields        | 3 4 |  4.0
Slings         | 1 5 6 |  6.4
Air Magic      | 4 |  4.3

Action                   |  1- 3 |  4- 6 |  7- 9 | 10-12 | 13-15 || total
-------------------------+-------+-------+-------+-------+-------++-------
Melee: Unarmed           |    15 |       |       |       |       ||    15
       Dagger            |    22 |     7 |       |       |       ||    29
       Hand axe          |       |    19 |   115 |   291 |   450 ||   875
       Kick              |       |       |    25 |   103 |   180 ||   308
       Punch             |       |       |     1 |     4 |       ||     5
       Headbutt          |       |       |       |       |    30 ||    30
 Fire: Hunting sling     |       |       |       |       |   146 ||   146
 Cast: Magic Dart        |    53 |       |    17 |   130 |   168 ||   368
       Searing Ray       |     5 |     7 |     8 |       |       ||    20
       Fulminant Prism   |       |       |    24 |    52 |   114 ||   190
       Iskenderun's Batt |       |       |     5 |    32 |    42 ||    79
       Freezing Cloud    |       |       |       |       |     2 ||     2
Invok: Potion Petition   |       |       |       |     3 |     1 ||     4
       Call Merchant     |       |       |       |       |     1 ||     1
       Bribe Branch      |       |       |       |       |     1 ||     1
Evoke: Wand              |       |       |       |       |    13 ||    13
  Use: Scroll            |       |       |     7 |     6 |    19 ||    32
       Potion            |       |       |       |       |    19 ||    19
 Stab: Paralysed         |     7 |       |    18 |    17 |    39 ||    81
       Sleeping          |     1 |     1 |     1 |     8 |     4 ||    15
       Distracted        |       |       |     2 |     1 |     4 ||     7
Armor: Robe              |     4 |       |       |       |       ||     4
       Leather armour    |     5 |     5 |    41 |    84 |   200 ||   335
Dodge: Dodged            |    30 |    13 |    82 |   210 |   449 ||   784
Block: Buckler           |       |       |       |    23 |   122 ||   145
